 Dungeon Crawl Stone Soup version 0.32-a0-599-gba8f9cf90e (webtiles) character file.

Game seed: 17471029853274263969

5497 BeKind the Shield-Bearer (level 10, -1/74 HPs)
             Began as a Demigod Ice Elementalist on Mar 2, 2024.
             Slain by Snorg (5 damage)
             ... on level 9 of the Dungeon.
             The game lasted 00:14:20 (8354 turns).

BeKind the Shield-Bearer (Demigod Ice Elementalist) Turns: 8354, Time: 00:14:22

Health: -1/74      AC: 17    Str: 16    XL:     10   Next: 19%
Magic:  15/21      EV: 16    Int: 21    God:
Gold:   485        SH:  7    Dex: 20    Spells: 9/19 levels left

rFire   . . .        o - +7 mace "Foiskios" {drain, rN+ Str+3 Dex+2}
rCold   . . .        u - +0 buckler
rNeg    + . .        C - +0 steam dragon scales
rPois   .            (no helmet)
rElec   .            (no cloak)
rCorr   .            (no gloves)
SInv    .            (no boots)
Will    +....        D - amulet of regeneration
Stlth   ++           k - +4 ring of protection
HPRegen 1.12/turn    I - ring of wizardry
MPRegen 0.17/turn

%: wizardry (x1)
@: ice-armoured, freezing walls
A: high MP 1, forlorn, divine attributes
a: no special abilities


You were on level 9 of the Dungeon.
You visited 1 branch of the dungeon, and saw 10 of its levels.

You collected 485 gold pieces.

Inventory:

Hand Weapons
 c - a +0 short sword
 h - a +0 vampiric dagger
 o - the +7 mace "Foiskios" (weapon) {drain, rN+ Str+3 Dex+2}
   (You found it on level 3 of the Dungeon)

   Str+3:     It affects your strength (+3).
   Dex+2:     It affects your dexterity (+2).
   rN+:       It protects you from negative energy.
Missiles
 B - a throwing net
Armour
 a - a +0 robe
 q - a +0 ring mail
 u - a +0 buckler (worn)
 C - +0 steam dragon scales (worn)
Jewellery
 k - a +4 ring of protection (left hand)
 s - an amulet of the acrobat
 x - a ring of magical power
 D - an amulet of regeneration (around neck)
 I - a ring of wizardry (right hand)
Wands
 i - a wand of charming (24)
 w - a wand of polymorph (16)
Scrolls
 d - 2 scrolls of identify
 e - 5 scrolls of amnesia {unknown}
 g - 3 scrolls of fog
 j - 2 scrolls of enchant armour {unknown}
 l - 2 scrolls of vulnerability {unknown}
 n - a scroll of fear
 p - 6 scrolls of teleportation
 r - a scroll of brand weapon
 v - a scroll of enchant weapon
 y - a scroll of summoning {unknown}
 z - a scroll of blinking {unknown}
 F - a scroll of noise {unknown}
 G - a scroll of poison {unknown}
Potions
 b - 2 potions of magic
 f - 3 potions of brilliance
 m - 5 potions of curing {unknown}
 t - 2 potions of haste {unknown}
 A - 2 potions of ambrosia
 E - a potion of lignification {unknown}
 H - a potion of resistance {unknown}


   Skills:
 + Level 2.6 Fighting
 + Level 5.7 Maces & Flails
 + Level 2.7 Armour
 + Level 6.5 Dodging
 - Level 2.0 Stealth
 + Level 7.4 Shields
 - Level 5.1 Spellcasting
 - Level 6.4 Ice Magic


You had 9 spell levels left.
You knew the following spells:

 Your Spells              Type           Power      Damage    Failure   Level
a - Freeze                Ice            100%       1d10      1%          1
b - Frozen Ramparts       Ice            64%        1d10      1%          3
c - Ozocubu's Armour      Ice            32%        N/A       1%          3
d - Summon Ice Beast      Ice/Summ       18%        N/A       4%          3

Your spell library contained the following spells:

 Spells                   Type           Power      Damage    Failure   Level
 Kiss of Death            Conj/Necr      20%        2d7       5%          1
 Confusing Touch          Hex            5%         N/A       16%         3
 Dazzling Flash           Conj/Hex       10%        N/A       16%         3
 Mephitic Cloud           Conj/Alch/Air  5%         N/A       16%         3
 Dispel Undead            Necr           5%         3d7       45%         4
 Curse of Agony           Necr           5%         N/A       78%         5
 Silence                  Hex/Air        2%         N/A       78%         5


Dungeon Overview and Level Annotations

Branches:
Dungeon (10/15)            Temple (0/1) D:7
   Lair: D:8-11         Orc: D:9-12

Annotations:
D:4 1 runed translucent door, CougarLife's ghost, weakling GrEE
D:6 1 runed translucent door, Crazy Yiuf
D:9 Snorg


Innate Abilities, Weirdness & Mutations

You have an increased reservoir of magic. (+10% MP)
You shall have no god before yourself.
Your divine heritage dramatically boosts your attributes as you level up.


Message History

The gnoll hits you with a +0 flail. The gnoll hits you with a +0 club.
Snorg attacks as she pursues you! You block Snorg's attack. Snorg claws you!
Snorg barely misses you. The gnoll attacks as it pursues you!
You block the gnoll's attack.
The gnoll bouda gazes fiercely through you!
You feel your attacks grow feeble. Snorg closely misses you.
Snorg barely misses you. Snorg closely misses you.
The gnoll throws a throwing net.
The throwing net closely misses you.
You see here a throwing net.
The gnoll attacks as it pursues you! The gnoll hits you but does no damage.
Snorg bites you! You block Snorg's attack. Snorg claws you.
Casting: Frozen Ramparts (safe; 1% risk of failure)
Confirm with . or Enter, or press ? or * to list all spells.
Casting: Frozen Ramparts (safe; 1% risk of failure)
Press: ? - help, Dir - look around, f - activate The walls around you are covered in ice.
Your attacks no longer feel as feeble.
The wall freezes the gnoll!
You block the gnoll's attack.
The wall freezes Snorg.
Snorg bites you! Snorg claws you but does no damage. Snorg barely misses you.
The wall freezes the gnoll!
The gnoll completely misses you.
Casting: Frozen Ramparts (safe; 1% risk of failure)
Confirm with . or Enter, or press ? or * to list all spells.
A film of ice covers your body!
The wall freezes Snorg.
Snorg bites you!!
* * * LOW HITPOINT WARNING * * *
Snorg closely misses you. You block Snorg's attack.
The wall freezes the gnoll.
The gnoll completely misses you.
The wall freezes the gnoll.
The gnoll closely misses you.
The gnoll bouda calls upon its god to heal the gnoll.
The gnoll is healed somewhat.
The wall freezes Snorg.
You block Snorg's attack. Snorg barely misses you. Snorg closely misses you.
Unknown command.
As you read the scroll of fear, it crumbles to dust.
You assume a fearsome visage.
The gnoll bouda looks frightened!
Snorg is unaffected.
The gnoll looks frightened! x2
The wall freezes the gnoll!
You kill the gnoll!
The wall freezes Snorg!
You block Snorg's attack. x2; Snorg claws you.
You die...

#.#.#.# #.#......#.#..........
#.#.#.# ####.######.#.#.####..###
#.#.#.# #......# #.#.#.......# #
..#.#.# #......# #.#.#..#....# #
###.#.###......## #...#.......###
###.#...........####..#.#..#.....
#...#...........#.......#..######
#.####...##.....#).........# #
#.####..........@Tg......#.######
#.##.........####g.....>##.......
#.##...#.....# #......##########
#.##...#.....# ######## #
#.##...#.....# # #.####.####### #
#.# #.# # #.# #.# # #.# #.# #


You could see Snorg (berserk), a gnoll bouda (fleeing) and a gnoll (swift,
fleeing).

Vanquished Creatures
  A two-headed ogre (D:8)
  A hornet (D:8)
  A troll (D:7)
  Grinder (D:6)
  Sigmund (D:6)
  A shadow (D:9)
  A wraith (D:9)
  A wyvern (D:9)
  3 steam dragons
  Duvessa (D:4)
  A water moccasin (D:9)
  5 orc warriors
  A black bear (D:5)
  2 ice beasts
  A sky beast (D:6)
  A centaur (D:7)
  A phantom (D:5)
  Blork the orc (D:4)
  A bullfrog (D:8)
  3 scorpions
  A gnoll sergeant (D:7)
  Dowan (D:4)
  9 killer bees
  7 howler monkeys
  A bombardier beetle (D:4)
  5 orc priests
  3 jellies
  A gnoll bouda (D:7)
  5 hounds
  An iguana (D:5)
  4 orc wizards
  2 sleepcaps
  Ijyb (D:4)
  13 gnolls
  6 adders
  5 white imps
  2 ufetubi (D:5)
  A ribbon worm (D:2)
  5 dart slugs
  28 orcs
  7 endoplasms
  4 giant cockroaches
  12 goblins
  2 hobgoblins
  4 kobolds (D:1)
  3 quokkas
  6 ball pythons
  8 bats
  8 frilled lizards
  6 rats
190 creatures vanquished.

Vanquished Creatures (collateral kills)
  A bullfrog (D:7)
  An orc (D:7)
2 creatures vanquished.

Grand Total: 192 creatures vanquished

Notes
Turn   | Place    | Note
-------+----------+-------------------------------------------
     0 | D:1      | BeKind the Demigod Ice Elementalist began the quest for the
                  | Orb.
     0 | D:1      | Reached XP level 1. HP: 14/14 MP: 5/5
   389 | D:1      | Reached XP level 2. HP: 20/20 MP: 4/7
  1254 | D:1      | Reached XP level 3. HP: 26/26 MP: 3/8
  1590 | D:2      | Learned a level 3 spell: Frozen Ramparts
  2031 | D:3      | Reached XP level 4. HP: 33/33 MP: 8/10
  2034 | D:3      | Identified the +7 mace "Foiskios" {drain, rN+ Str+3 Dex+2}
  2334 | D:3      | Reached skill level 1 in Maces & Flails
  2423 | D:3      | Reached XP level 5. HP: 21/38 MP: 12/12
  2760 | D:4      | Noticed Ijyb
  2785 | D:4      | Killed Ijyb
  2791 | D:4      | Reached skill level 1 in Shields
  3273 | D:4      | Found a runed translucent door.
  3273 | D:4      | Noticed CougarLife's ghost (weakling GrEE)
  3290 | D:4      | Noticed Duvessa
  3300 | D:4      | Killed Duvessa
  3301 | D:4      | Reached skill level 2 in Shields
  3301 | D:4      | Reached XP level 6. HP: 32/45 MP: 5/13
  3330 | D:4      | Noticed Dowan
  3334 | D:4      | Killed Dowan
  3555 | D:4      | Noticed Blork the orc
  3566 | D:4      | Killed Blork the orc
  3864 | D:5      | Entered Level 5 of the Dungeon
  3945 | D:5      | Reached XP level 7. HP: 50/50 MP: 15/15
  3949 | D:5      | Learned a level 3 spell: Ozocubu's Armour
  3953 | D:5      | Learned a level 3 spell: Summon Ice Beast
  3973 | D:5      | Reached skill level 3 in Shields
  4110 | D:5      | Reached skill level 5 in Ice Magic
  4805 | D:6      | Reached skill level 4 in Shields
  4906 | D:6      | Noticed a steam dragon
  4914 | D:6      | Killed a steam dragon
  4915 | D:6      | Reached XP level 8. HP: 56/57 MP: 10/17
  5069 | D:6      | Noticed Sigmund
  5075 | D:6      | Killed Sigmund
  5076 | D:6      | Reached skill level 5 in Shields
  5509 | D:6      | Found a runed translucent door.
  5510 | D:6      | Noticed Crazy Yiuf
  5573 | D:6      | Noticed Grinder
  5593 | D:6      | Paralysed by Grinder for 2 turns
  5609 | D:6      | Killed Grinder
  5610 | D:6      | Reached skill level 5 in Dodging
  5977 | D:7      | Reached XP level 9. HP: 51/62 MP: 12/19
  6044 | D:7      | Reached skill level 6 in Shields
  6127 | D:7      | Found a staircase to the Ecumenical Temple.
  6586 | D:7      | Reached skill level 5 in Spellcasting
  7113 | D:8      | Reached skill level 1 in Fighting
  7113 | D:8      | Reached skill level 5 in Maces & Flails
  7115 | D:8      | Reached skill level 1 in Armour
  7184 | D:8      | Noticed a two-headed ogre
  7196 | D:8      | Killed a two-headed ogre
  7197 | D:8      | Reached skill level 7 in Shields
  7303 | D:8      | Found a flagged portal.
  7490 | D:9      | Reached XP level 10. HP: 73/73 MP: 13/21
  8339 | D:10     | Entered Level 10 of the Dungeon
  8339 | D:10     | Noticed Snorg
  8353 | D:9      | HP: 3/74 [Snorg (21)]
  8354 | D:9      | Slain by Snorg

Illustrated notes

Levels and vault maps discovered:
D:1:      dpeg_arrival_oval, layout_basic, basic_ecumenical_altar,
          wad_floor_pattern_untrapped
D:2:      layout_rooms
D:3:      layout_basic
D:4:      layout_basic, gammafunk_ghost_grave, minmay_goblin_outpost,
          uniq_duvessa, uniq_ijyb, uniq_blork_the_orc
D:5:      layout_gridville, nicolae_eternal_life, feat_on_display
D:6:      lemuel_castle_with_subvaults [lemuel_castle_interior_carwin_2],
          layout_loops_ring, uniq_grinder, uniq_crazy_yiuf_cottage, uniq_sigmund
D:7:      layout_cave_pools, temple_fountains
D:8:      layout_rooms, trog_three_pillars_becter, enter_bailey_3
D:9:      layout_basic, nicolae_titane
D:10:     layout_stronghold, grunt_lair_entry_orc_guard_hut,
          kennysheep_cluttered_room, uniq_snorg

Skill      XL: |  1  2  3  4  5  6  7  8  9 |
---------------+----------------------------+-----
Dodging        | 2 3 4 5 6 |  6.5
Stealth        | 2 |  2.0
Spellcasting   | 2 3 4 5 |  5.1
Ice Magic      | 4 5 6 |  6.4
Maces & Flails | 1 2 3 4 5 |  5.7
Shields        | 2 4 5 7 |  7.4
Fighting       | 2 |  2.6
Armour         | 2 |  2.7

Action                     |  1- 3 |  4- 6 |  7- 9 | 10-12 || total
---------------------------+-------+-------+-------+-------++-------
  Melee: Short sword       |    11 |       |       |       ||    11
         Unarmed           |     1 |       |       |       ||     1
         Dagger            |    10 |       |       |       ||    10
         Mace              |       |    64 |   166 |    45 ||   275
   Cast: Freeze            |    65 |    18 |    54 |    10 ||   147
         Frozen Ramparts   |     1 |     5 |    26 |     6 ||    38
         Summon Ice Beast  |       |       |     6 |       ||     6
         Ozocubu's Armour  |       |       |     4 |     1 ||     5
    Use: Potion            |       |     2 |       |       ||     2
         Scroll            |       |       |     5 |     1 ||     6
   Stab: Sleeping          |     1 |     5 |     3 |       ||     9
         Distracted        |     1 |       |       |     1 ||     2
 Armour: Robe              |    36 |    38 |   117 |       ||   191
         Steam dragon scal |       |       |    39 |    39 ||    78
  Dodge: Dodged            |    45 |    43 |   197 |    44 ||   329
  Block: Buckler           |       |       |    46 |    25 ||    71

Table legend: (Time is in decaauts)
 A = Elapsed time spent in this place.
 B = Non-inter-level travel time spent in this place.
 C = Inter-level travel time spent in this place.
 D = Time resting spent in this place.
 E = Time spent auto-exploring this place.
 F = Levels seen in this place.
 G = Mean time per level.
                   A        B        C        D        E       F      G
               +--------+--------+--------+--------+--------+-----+--------+
         Total |   8434 |   8202 |    232 |    180 |   6633 |  10 |  843.4 |
       Dungeon |   8434 |   8202 |    232 |    180 |   6633 |  10 |  843.4 |
               +--------+--------+--------+--------+--------+-----+--------+

Top non-repeatable levels by time:
     D:1: 1254 daAuts
     D:4: 1156 daAuts
     D:6: 1139 daAuts
     D:5: 951 daAuts
     D:9: 928 daAuts
     D:7: 794 daAuts
     D:3: 759 daAuts
     D:8: 735 daAuts
     D:2: 709 daAuts
    D:10: 4 daAuts
